 Dungeon Crawl Stone Soup version 0.28.0 (webtiles) character file.

Game seed: 4150026921733128639

76 crazypyro the Chopper (level 4, -4/40 HPs)
             Began as a Minotaur Fighter on Feb 9, 2022.
             Slain by a gnoll (9 damage)
             ... on level 2 of the Dungeon.
             The game lasted 00:01:19 (1176 turns).

crazypyro the Chopper (Minotaur Fighter)            Turns: 1176, Time: 00:01:20

Health: -4/40      AC:  8    Str: 23    XL:     4   Next: 12%
Magic:  3/3        EV:  5    Int:  5    God:
Gold:   23         SH:  0    Dex:  9    Spells: 3/3 levels left

rFire   . . .      SeeInvis .   a - +0 war axe
rCold   . . .      Faith    .   c - +0 buckler
rNeg    . . .      Spirit   .   b - +0 scale mail
rPois   .          Reflect  .   (helmet restricted)
rElec   .          Harm     .   (no cloak)
rCorr   .          Rampage  .   (no gloves)
Will    .....                   e - +0 pair of boots
Stlth   ..........              (no amulet)
HPRegen 0.13/turn               (no ring)
MPRegen 0.08/turn               (no ring)

@: held
A: horns 2, retaliatory headbutt
a: no special abilities


You were on level 2 of the Dungeon.
You visited 1 branch of the dungeon, and saw 2 of its levels.

You collected 23 gold pieces.

Inventory:

Hand Weapons
 a - a +0 war axe (weapon)
Armour
 b - a +0 scale mail (worn)
 c - a +0 buckler (worn)
 e - a +0 pair of boots (worn)
Scrolls
 f - a scroll of identify {unknown}
 g - a scroll of teleportation {unknown}
Potions
 d - a potion of might
 h - a potion of flight {unknown}


   Skills:
 - Level 3.6 Fighting
 * Level 4.5 Axes
 - Level 3.6 Armour
 + Level 2.1 Dodging
 - Level 3.6 Shields


You had 3 spell levels left.
You didn't know any spells.
Your spell library was empty.

Dungeon Overview and Level Annotations

Branches:
Dungeon (2/15)

Altars:


Innate Abilities, Weirdness & Mutations

You have a pair of horns on your head.
You reflexively headbutt those who attack you in melee.


Message History

A rat comes into view.
The gnoll hits you with a +0 halberd!
You hit the gnoll. Your headbutt misses the gnoll.
The gnoll is moderately wounded.
The gnoll hits you with a +0 halberd.
A gnoll comes into view. It is wielding a +1 halberd of venom.
The quokka bites you but does no damage.
You slash the gnoll!
You kill the gnoll!
You closely miss the quokka. The quokka bites you.
You have reached level 4!
You feel stronger.
You completely miss the quokka. Your headbutt misses the quokka.
The quokka bites you but does no damage.
A ball python comes into view.
The quokka bites you but does no damage.
You closely miss the gnoll.
The ball python hisses angrily.
Your headbutt misses the gnoll. You barely miss the rat. You hit the quokka.
You kill the quokka!
The gnoll hits you with a +0 whip. The rat bites you.
You are too injured to fight recklessly!
You are too injured to fight recklessly!
You completely miss the gnoll. You closely miss the rat.
The gnoll hits you with a +0 whip. The rat misses you. You furiously retaliate!
You headbutt the rat.
You kill the rat!
A ball python comes into view.
The ball python hisses angrily.
The gnoll hits you but does no damage.
The ball python moves out of view.
The gnoll throws a throwing net.
The throwing net hits you.
You become entangled in the net!
You see here a throwing net.
You struggle against the net.
The gnoll hits you from afar with a +1 halberd of venom!
* * * LOW HITPOINT WARNING * * *
You tear a large gash into the net.
The gnoll hits you with a +0 whip.
* * * LOW HITPOINT WARNING * * *
The gnoll hits you from afar with a +1 halberd of venom!
You die...

#.......... #..?....#
#..)....# ##.....## #
#.......## .
#........#.#
#.....Sg.#.###
##....g#.....###.
##...@....#.#...#..
####..#........#.#
##................#
#......###..#...#.##.#
.....###...#.##..#...
.. ...##
##....##..#.###.. #.
.###..####....#G#.. .
#....#.........###..
####.#.####.........


You could see 2 gnolls and a ball python.

Vanquished Creatures
  Robin (D:2)
  A gnoll (D:2)
  An adder (D:1)
  A worm (D:2)
  A dart slug (D:1)
  3 bats (D:1)
  2 endoplasms (D:1)
  A giant cockroach (D:1)
  11 goblins
  3 hobgoblins
  3 quokkas
  4 ball pythons
  A frilled lizard (D:1)
  A kobold (D:1)
  7 rats
41 creatures vanquished.

Vanquished Creatures (others)
  33 plants (D:2)
33 creatures vanquished.

Grand Total: 74 creatures vanquished

Notes
Turn   | Place    | Note
-------+----------+-------------------------------------------
     0 | D:1      | crazypyro the Minotaur Fighter began the quest for the Orb.
     0 | D:1      | Reached XP level 1. HP: 19/19 MP: 0/0
   227 | D:1      | Reached skill level 3 in Axes
   227 | D:1      | Reached XP level 2. HP: 25/27 MP: 1/1
   362 | D:1      | Reached skill level 1 in Dodging
   729 | D:2      | Noticed Robin
   858 | D:2      | Reached XP level 3. HP: 32/33 MP: 2/2
   864 | D:1      | Reached skill level 4 in Axes
   962 | D:2      | Killed Robin
  1133 | D:2      | Noticed an eye of devastation
  1135 | D:2      | Found a faded altar of an unknown god.
  1137 | D:2      | Noticed a great orb of eyes
  1137 | D:2      | Noticed a golden eye
  1137 | D:2      | Noticed an eye of devastation
  1167 | D:2      | Reached XP level 4. HP: 21/40 MP: 3/3
  1176 | D:2      | Slain by a gnoll

Illustrated notes

Levels and vault maps discovered:
D:1:      dpeg_arrival_stonehenge_8_columns, layout_rooms,
          minmay_misc_feat_tower, dk_noncrumbling_4,
          amcnicky_mini_rare_corridor_liquid
D:2:      wad_woods_stonehenge, layout_rooms,
          hellmonk_ecumenical_altar_watching_god, uniq_robin

Skill      XL: |  1  2  3 |
---------------+----------+-----
Axes           | 3 4 |  4.5
Dodging        | 1 2 |  2.1
Fighting       | |  3.6
Armour         | |  3.6
Shields        | |  3.6

Action                   |  1- 3 |  4- 6 || total
-------------------------+-------+-------++-------
Melee: War axe           |    60 |     3 ||    63
       Headbutt          |     4 |       ||     4
  Use: Scroll            |     1 |       ||     1
Armor: Scale mail        |    49 |     3 ||    52
Dodge: Dodged            |    36 |     1 ||    37
Block: Buckler           |    13 |       ||    13
